 Dungeon Crawl Stone Soup version 0.19.1-1-g22dce08 (console) character file.

45381 Kloppie the Warrior (level 14, 0/135 HPs)
             Began as a Yellow Draconian Berserker on Jan 14, 2017.
             Was a High Priest of Trog.
             Slain by a two-headed ogre
             ... wielding a +0 giant club
              (8 damage)
             ... while paralysed by an ogre mage
             ... on level 2 of the Orcish Mines.
             The game lasted 00:34:16 (20596 turns).

Kloppie the Warrior (Yellow Draconian Berserker)   Turns: 20596, Time: 00:34:17

Health: 0/135      AC: 13    Str: 20    XL:     14   Next: 0%
Magic:  15/15      EV:  2    Int:  9    God:    Trog [*****.]
Gold:   1479       SH:  0    Dex: 14    Spells: 0 memorised, 13 levels left

rFire  . . .     SeeInvis .     a - +4 scimitar (flame)
rCold  + . .     Gourm    .     (armour unavailable)
rNeg   . . .     Faith    .     s - +0 buckler
rPois  .         Spirit   .     (helmet restricted)
rElec  .         Reflect  +     y - +1 cloak
rCorr  +         Harm     .     p - +0 pair of gloves
MR     +....                    b - +1 pair of boots
Stlth  ++........               g - +4 amulet of reflection
                                x - ring of protection from cold
                                m - ring of stealth

@: paralysed
A: spit acid, acid resistance, unfitting armour, high mp 1, acidic bite,
cold-blooded, AC +8
a: Spit Acid, Berserk, Trog's Hand, Brothers in Arms, Burn Spellbooks, Renounce
Religion


You were on level 2 of the Orcish Mines.
You worshipped Trog.
Trog was extremely pleased with you.
You were not hungry.

You visited 3 branches of the dungeon, and saw 19 of its levels.
You also visited: Ice Cave.

You collected 1479 gold pieces.

Inventory:

Hand Weapons
 a - a +4 scimitar of flaming (weapon)
 I - a +0 scimitar
Armour
 b - a +1 pair of boots (worn)
 p - a +0 pair of gloves (worn)
 s - a +0 buckler (worn)
 y - a +1 cloak (worn)
Jewellery
 g - a +4 amulet of reflection (around neck)
 m - a ring of stealth (left hand)
 x - a ring of protection from cold (right hand)
 A - an uncursed amulet of faith
 C - the ring "Pyihihok" {Ice rElec}
   (You found it on level 4 of the Dungeon)

   [ring of ice]

   It enhances your ice magic.
   It makes you vulnerable to fire.
   It protects you from cold.
   It insulates you from electricity.
 K - an uncursed ring of stealth
Wands
 d - a wand of heal wounds (5/9)
 u - a wand of heal wounds (3/9)
 D - a wand of digging (12/24)
 G - a wand of disintegration (10/24)
Scrolls
 e - 3 scrolls of noise
 f - 5 scrolls of remove curse
 j - 11 scrolls of teleportation
 k - a scroll of enchant weapon
 n - 3 scrolls of identify
 w - 8 scrolls of fog
 B - 4 scrolls of recharging
 E - 6 scrolls of enchant armour
 F - 2 scrolls of magic mapping
 H - 2 scrolls of holy word
 J - a scroll of fear
Potions
 l - 14 potions of curing {unknown}
 q - 2 potions of cure mutation
 t - 3 potions of flight
 z - a potion of might
 N - a potion of agility
Comestibles
 c - 4 meat rations
 h - 10 chunks of flesh
 r - 12 beef jerkies
 v - 3 slices of pizza
 R - 17 bread rations


   Skills:
 + Level 15.1 Fighting
 - Level 14.1 Long Blades
   Level 2.0 Maces & Flails
 - Level 12.5 Dodging
 - Level 4.2 Shields


You had 13 spell levels left.
You didn't know any spells.

Dungeon Overview and Level Annotations

Branches:
Dungeon (12/15)            Temple (0/1) D:6            Lair (5/6) D:8
 Shoals (0/4) Lair:2       Spider (0/4) Lair:4        Slime (0/5) Lair:5
    Orc (2/2) D:12
    Elf: Orc:2

Altars:
Cheibriados
Fedhas
Hepliaklqana
Okawaru
Qazlal
Vehumet
Xom


Innate Abilities, Weirdness & Mutations

You can spit globs of acid.
You are resistant to acid.
Your golden yellow scales are hard. (AC +8)
You cannot fit into any form of body armour.
You have acidic saliva.
You are cold-blooded and may be slowed by cold attacks.
You have an increased reservoir of magic. (+10% MP)


Message History

The two-headed ogre moves out of view.
Something hits you but does no damage. The two-headed ogre barely misses you.
The two-headed ogre hits you with a giant spiked club!
The two-headed ogre shouts in stereo!
You hear two shouts!
The ogre mage points at you and mumbles some strange words.
Helpless, you fail to dodge the bolt of lightning.
* * * LOW HITPOINT WARNING * * *
The ogre mage hits you but does no damage.
The ogre hits you with a giant club!
* * * LOW HITPOINT WARNING * * *
Something hits you but does no damage.
The ogre hits you with a giant spiked club!!
* * * LOW HITPOINT WARNING * * *
The ogre hits you with a giant spiked club!
* * * LOW HITPOINT WARNING * * *
The ogre mage hits you.
* * * LOW HITPOINT WARNING * * *
An ogre comes into view. It is wielding a giant club.
The two-headed ogre hits you with a giant club!
You die...

...#.. ......
.....$.. ...##
......
.......#..#..
$.....
##.#...#......
......
#......#......
......
.#.............
......
..............#
......
......O.O......
......
...$...@.......
..$...OOOO.....
......OO.......
......O........
#######OO######


OOOO ..OO OOOOO You could see 3 ogre magi, 7 two-headed ogres and 12 ogres.

Vanquished Creatures
  The ghost of monokles the Fighter, a journeyman DsMo of Ru (Orc:1)
  Harold (Lair:1)
  3 hydras
  The ghost of fatfloppyjuicyveiny the Brawler, a journeyman TrMo of Okawaru (Lair:1)
  The ghost of Schattenjager the Destroyer, a journeyman DgCj (D:10)
  Erica (Lair:2)
  Nergalle (Lair:1)
  3 hill giants
  Pikel (D:5)
  A wolf spider zombie (D:12)
  A necromancer (IceCv)
  A deep elf mage (D:12)
  2 wolf spiders (Lair:4)
  An ugly thing (D:10)
  A siren (Lair:2)
  A centaur zombie (D:12)
  8 black mambas
  Joseph (D:7)
  3 ice statues (IceCv)
  3 spiny frogs
  6 komodo dragons
  7 ice devils (IceCv)
  3 trolls
  A jumping spider (Lair:4)
  Prince Ribbit (D:9)
  A two-headed ogre (D:11)
  6 blink frogs
  6 slime creatures (D:12)
  2 hippogriffs
  2 dream sheep (Lair:4)
  Sigmund (D:2)
  A redback (Lair:4)
  2 wyverns
  A wraith (D:12)
  A shadow (D:11)
  3 basilisks
  42 yaks
  Eustachio (D:5)
  Grum (D:8)
  A hungry ghost (D:12)
  Edmund (D:6)
  11 porcupines
  9 water moccasins
  19 orc warriors
  10 ice beasts
  3 black bears
  2 sky beasts
  2 phantoms (D:8)
  The ghost of Varanus the Cudgeler, an amateur DrBe of Trog (D:3)
  A necrophage (D:10)
  7 ogres
  8 wolves
  3 centaurs
  8 crocodiles
  A big kobold (D:12)
  15 bullfrogs
  A gnoll sergeant (D:8)
  The ghost of fatfloppyjuicyveiny the Ruffian, a weakling TrBe of Trog (D:4)
  3 scorpions
  26 killer bees
  2 vampire bats (Lair:5)
  15 wights
  3 howler monkeys
  2 electric eels (D:12)
  4 crimson imps
  A quasit (D:6)
  9 jellies
  A bullfrog skeleton (D:8)
  Crazy Yiuf (D:6)
  6 hounds
  12 orc priests
  23 orc wizards
  2 centaur skeletons (D:11)
  4 iguanas
  3 spriggan simulacra (IceCv)
  4 worker ants
  3 troll simulacra (IceCv)
  A killer bee zombie (D:10)
  4 centaur simulacra (IceCv)
  3 hound zombies
  A hound skeleton (D:6)
  A howler monkey zombie (D:8)
  A howler monkey skeleton (D:6)
  7 gnolls
  12 adders
  A shadow imp (D:5)
  A white imp (D:4)
  An ooze (D:4)
  2 adder zombies
  2 adder skeletons
  A worm (D:3)
  2 dart slugs
  6 leopard geckos
  76 orcs
  13 bats
  5 giant cockroaches
  4 goblins
  6 hobgoblins
  5 jackals
  8 quokkas
  2 ball pythons
  4 frilled lizards
  7 kobolds
  A leopard gecko skeleton (D:7)
  A quokka zombie (D:7)
  6 rats
  A butterfly (D:9)
537 creatures vanquished.

Vanquished Creatures (collateral kills)
  3 dream sheep (Lair:4)
  2 basilisks (Lair:4)
  An orc (D:12)
6 creatures vanquished.

Vanquished Creatures (others)
  Duvessa (D:5)
  Dowan (D:5)
  A crimson imp (D:5)
  An orc wizard (D:12)
  An adder (D:5)
  2 fungi (Lair:1)
  A plant (D:8)
8 creatures vanquished.

Grand Total: 551 creatures vanquished

Notes
Turn   | Place    | Note
-------+----------+-------------------------------------------
     0 | D:1      | Kloppie the Draconian Berserker began the quest for the Orb.
     0 | D:1      | Reached XP level 1. HP: 19/19 MP: 1/1
   169 | D:1      | Reached XP level 2. HP: 26/26 MP: 2/2
   579 | D:2      | Reached skill level 4 in Fighting
   622 | D:2      | Reached XP level 3. HP: 29/33 MP: 3/3
   667 | D:2      | Reached ** piety under Trog
   670 | D:2      | Noticed Sigmund
   678 | D:2      | Killed Sigmund
   678 | D:2      | Reached skill level 5 in Fighting
   678 | D:2      | Reached XP level 4. HP: 42/42 MP: 4/4
   678 | D:2      | Reached XP level 5. HP: 48/48 MP: 5/5
  1006 | D:2      | Reached skill level 5 in Long Blades
  1701 | D:3      | Reached skill level 1 in Shields
  1701 | D:3      | Reached XP level 6. HP: 57/57 MP: 6/6
  1938 | D:3      | Noticed Varanus's ghost (amateur DrBe)
  1949 | D:3      | Killed Varanus's ghost
  2035 | D:3      | Found a blossoming altar of Fedhas.
  2087 | D:3      | Reached *** piety under Trog
  2359 | D:4      | Reached skill level 6 in Fighting
  2546 | D:4      | Your scales start taking on a golden yellow colour.
  2546 | D:4      | Reached XP level 7. HP: 63/63 MP: 7/7
  2579 | D:4      | Got a brightly glowing iron ring
  2651 | D:4      | Identified the ring "Pyihihok" {Ice rElec} (You found it on level 4 of the Dungeon)
  2710 | D:4      | Noticed fatfloppyjuicyveiny's ghost (weakling TrBe)
  2719 | D:4      | Killed fatfloppyjuicyveiny's ghost
  3011 | D:5      | Entered Level 5 of the Dungeon
  3249 | D:5      | Noticed Pikel
  3259 | D:5      | Killed Pikel
  3259 | D:5      | Reached skill level 7 in Fighting
  3259 | D:5      | Reached XP level 8. HP: 73/73 MP: 8/8
  3416 | D:5      | Noticed Eustachio
  3456 | D:5      | Killed Eustachio
  3514 | D:5      | Killed Dowan
  3524 | D:5      | Killed Duvessa
  3730 | D:5      | Found a hazy altar of Hepliaklqana.
  3734 | D:5      | Found an iron altar of Okawaru.
  3957 | D:6      | Reached **** piety under Trog
  4346 | D:6      | Reached skill level 5 in Dodging
  4365 | D:6      | Reached XP level 9. HP: 67/79 MP: 9/9
  4368 | D:6      | Noticed Edmund
  4400 | D:6      | Killed Edmund
  4694 | D:6      | Found a staircase to the Ecumenical Temple.
  4853 | D:6      | Found a runed door.
  4857 | D:6      | Noticed Crazy Yiuf
  4865 | D:6      | Killed Crazy Yiuf
  4914 | D:7      | Found a stormy altar of Qazlal.
  5166 | D:7      | Noticed Joseph
  5178 | D:7      | Killed Joseph
  5344 | D:7      | Reached skill level 10 in Long Blades
  5472 | D:7      | Reached XP level 10. HP: 56/86 MP: 10/10
  6027 | D:8      | Noticed Grum
  6049 | D:8      | Killed Grum
  6139 | D:8      | Reached skill level 8 in Fighting
  6316 | D:8      | Reached ***** piety under Trog
  7306 | D:8      | Reached skill level 9 in Fighting
  7437 | D:8      | Found a staircase to the Lair.
  7505 | D:9      | Found a radiant altar of Vehumet.
  7729 | D:9      | Found a shimmering altar of Xom.
  7729 | D:9      | Noticed Prince Ribbit
  7736 | D:9      | Killed Prince Ribbit
  7851 | D:9      | Found a snail-covered altar of Cheibriados.
  7967 | D:8      | Reached skill level 10 in Fighting
  8658 | D:10     | Entered Level 10 of the Dungeon
  8690 | D:10     | Noticed Schattenjager's ghost (journeyman DgCj)
  8702 | D:10     | Killed Schattenjager's ghost
  8702 | D:10     | Reached XP level 11. HP: 101/101 MP: 11/11
  8803 | D:10     | Noticed a hill giant
  8804 | D:10     | Noticed a white ugly thing
  8822 | D:10     | Killed a hill giant
  8828 | D:10     | Killed a white ugly thing
  9141 | D:10     | Noticed a hill giant
  9185 | D:10     | Killed a hill giant
  9185 | D:10     | Reached skill level 11 in Fighting
  9317 | D:10     | Received a gift from Trog
 10187 | D:11     | Noticed a hill giant
 10524 | D:11     | Killed a hill giant
 10809 | D:11     | Reached skill level 12 in Fighting
 11040 | D:11     | Received a gift from Trog
 11040 | D:11     | Reached XP level 12. HP: 83/113 MP: 12/12
 11598 | D:12     | Found a frozen archway.
 11632 | IceCv    | Entered an ice cave
 12176 | IceCv    | Reached skill level 13 in Fighting
 13178 | D:12     | Received a gift from Trog
 13384 | D:12     | Noticed a six-headed hydra
 13524 | D:11     | Reached skill level 14 in Fighting
 13579 | D:12     | Killed a six-headed hydra
 14218 | D:12     | Found a staircase to the Orcish Mines.
 14454 | Lair:1   | Entered Level 1 of the Lair of Beasts
 14589 | Lair:1   | Noticed Harold
 14589 | Lair:1   | Noticed fatfloppyjuicyveiny's ghost (journeyman TrMo)
 14610 | Lair:1   | Killed fatfloppyjuicyveiny's ghost
 14617 | Lair:1   | Killed Harold
 14617 | Lair:1   | Reached XP level 13. HP: 44/125 MP: 13/13
 15009 | Lair:1   | Noticed Nergalle
 15019 | Lair:1   | Killed Nergalle
 15726 | Lair:1   | Reached skill level 1 in Maces & Flails
 15956 | Lair:2   | Noticed Erica
 15970 | Lair:2   | Killed Erica
 16297 | Lair:2   | Reached skill level 10 in Dodging
 16522 | Lair:2   | Found a staircase to the Shoals.
 18855 | Lair:4   | Found a hole to the Spider Nest.
 19250 | Lair:5   | Found a staircase to the Slime Pits.
 19432 | Lair:5   | Found a blossoming altar of Fedhas.
 19838 | Lair:5   | Gained mutation: You occasionally shout uncontrollably at your foes. [potion of mutation]
 19838 | Lair:5   | Gained mutation: You tend to lose your temper in combat. [potion of mutation]
 19838 | Lair:5   | Gained mutation: Your body sometimes deteriorates upon taking damage. [potion of mutation]
 19839 | Lair:5   | Gained mutation: You have an increased reservoir of magic. (+10% MP) [potion of mutation]
 19839 | Lair:5   | Gained mutation: You have supernaturally acute eyesight. (SInv) [potion of mutation]
 19839 | Lair:5   | Gained mutation: Your spells are a little harder to cast, but a little more powerful. [potion of mutation]
 19841 | Lair:5   | Lost mutation: Your body sometimes deteriorates upon taking damage. [potion of cure mutation]
 19841 | Lair:5   | Lost mutation: Your spells are a little harder to cast, but a little more powerful. [potion of cure mutation]
 19841 | Lair:5   | Lost mutation: You occasionally shout uncontrollably at your foes. [potion of cure mutation]
 19841 | Lair:5   | Lost mutation: You tend to lose your temper in combat. [potion of cure mutation]
 19841 | Lair:5   | Lost mutation: You have supernaturally acute eyesight. (SInv) [potion of cure mutation]
 20102 | Orc:1    | Entered Level 1 of the Orcish Mines
 20107 | Orc:1    | Noticed monokles's ghost (journeyman DsMo)
 20155 | Orc:1    | Killed monokles's ghost
 20163 | Orc:1    | Reached skill level 15 in Fighting
 20522 | Orc:2    | Entered Level 2 of the Orcish Mines
 20537 | Orc:1    | Gained mutation: You have acidic saliva. [Yellow Draconian growth]
 20537 | Orc:1    | Reached XP level 14. HP: 127/135 MP: 15/15
 20591 | Orc:2    | Paralysed by an ogre mage for 7 turns
 20596 | Orc:2    | Slain by a two-headed ogre

Skill      XL: |  1  2  3  4  5  6  7  8  9 10 11 12 13 |
---------------+----------------------------------------+-----
Fighting       | 4 5 6 7 10 12 14 15 | 15.1
Long Blades    | 4 5 6 8 10 11 13 14 | 14.1
Shields        | 1 2 4 |  4.2
Dodging        | 5 7 9 12 | 12.5
Maces & Flails | 2 |  2.0

Action                   |  1- 3 |  4- 6 |  7- 9 | 10-12 | 13-15 || total
-------------------------+-------+-------+-------+-------+-------++-------
Melee: Falchion          |    56 |   143 |   398 |   178 |       ||   775
       Tailslap          |     6 |    24 |    68 |   237 |    73 ||   408
       Scimitar          |       |       |       |  1032 |   421 ||  1453
       Flail             |       |       |       |    18 |     8 ||    26
       Bite              |       |       |       |       |     3 ||     3
Invok: Berserk           |     4 |     3 |    10 |    23 |     7 ||    47
       Trog's Hand       |       |       |       |     6 |     3 ||     9
       Brothers in Arms  |       |       |       |     1 |     1 ||     2
 Abil: Spit Acid         |       |       |     2 |     2 |       ||     4
  Use: Scroll            |       |     5 |     6 |    13 |     7 ||    31
       Potion            |       |       |     5 |       |     6 ||    11
 Stab: Sleeping          |       |     1 |       |     8 |     3 ||    12
       Distracted        |       |       |       |     1 |       ||     1
  Eat: Chunk             |     2 |    10 |    19 |    36 |    15 ||    82
       Royal jelly       |       |       |       |     1 |       ||     1
       Pizza             |       |       |       |     1 |       ||     1
       Meat ration       |       |       |       |     3 |     3 ||     6
Armor: Skin              |    17 |    30 |   100 |   199 |    81 ||   427
Dodge: Dodged            |    38 |    80 |   213 |   562 |   270 ||  1163
Block: Buckler           |       |    20 |   185 |   382 |   171 ||   758
       Reflection        |       |       |       |     9 |     1 ||    10
       Rpst.: Falchion   |    11 |    24 |    54 |    23 |       ||   112
       Scimitar          |       |       |       |   138 |    70 ||   208
